 Dungeon Sprint DCSS version bcrawl-1.12-11-gb93c957c58 (webtiles) character file.

Game seed: 2765938829860099331

12 Freyura the Thaumaturge (level 4, -2/27 HPs)
             Began as a Fairy Wizard on July 8, 2019.
             Was a Follower of Sif Muna.
             Slain by Purgy (6 damage)
             ... in the Dungeon (Sprint VI: "Thunderdome").
             The game lasted 00:05:04 (143 turns).

Freyura the Thaumaturge (Fairy Wizard)               Turns: 143, Time: 00:05:05

Health: -2/27      AC:  4    Str:  5    XL:     4   Next: 3%
Magic:  17/17      EV: 17    Int: 22    God:    Sif Muna [*.....]
Gold:   220        SH:  4    Dex: 11    Spells: 20/21 levels left

rFire    . . .     SeeInvis .   (weapon restricted)
rCold    . . .     Gourm    .   (shield restricted)
rNeg     . . .     Faith    .   (armour unavailable)
rPois    .         Spirit   .   a - +0 hat
rElec    .         Reflect  .   (no cloak)
rCorr    .         Harm     .   (no gloves)
MR       .....     NoTele   +   (no boots)
Stlth    +.........             (no amulet)
HPRegen  0.09/turn              (no ring)
MPRegen  0.15/turn              (no ring)

@: flying evasively, very slightly contaminated
A: small, magic attunement, unstealthy, unfitting armour, able to fly, AC/SH +4
a: Stop Flying, Divine Energy, Renounce Religion


You were in the Dungeon.
You worshipped Sif Muna.
Sif Muna was aware of your devotion.
You were not hungry.

You visited 1 branch You collected 220 gold pieces.

Inventory:

Armour
 a - a +0 hat (worn)
Wands
 b - a wand of acid (5)
 j - a wand of iceblast (5)
Scrolls
 i - 4 scrolls of blinking
 k - 3 scrolls of fog
Potions
 d - a potion of curing
 e - 3 potions of heal wounds
 f - 4 potions of haste
 g - 2 potions of magic
 h - a potion of berserk rage
 l - a potion of resistance
Comestibles
 c - a ration {!d}
 m - 3 chunks of flesh


   Skills:
 + Level 3.8 Dodging
 - Level 1.5 Stealth
 * Level 9.3 Spellcasting
 + Level 2.2 Conjurations
   Level 1.1 Summonings
   Level 1.0 Translocations


You had 20 spell levels left.
You knew the following spells:

 Your Spells              Type           Power        Failure   Level  Hunger
a - Magic Dart            Conj           ###.         2%          1    None

Your spell library contained the following spells:

 Spells                   Type           Power        Failure   Level  Hunger
 Blink                    Tloc           N/A          6%          2    None
 Call Imp                 Summ           ###.....     6%          2    None
 Slow                     Hex            ##......     7%          1    None
 Call Canine Familiar     Summ           ###.....     12%         3    None
 Conjure Flame            Conj/Fire      ###.....     12%         3    None
 Mephitic Cloud           Conj/Pois/Air  ##......     14%         3    None
 Ignite Poison            Fire/Tmut/Pois ##......     21%         3    None
 Malign Gateway           Summ/Tloc      ##........   100%        7    None
 Summon Hydra             Summ           ###.......   100%        7    None


Dungeon Overview and Level Annotations

Branches:
Dungeon (1/1)

Altars:
Cheibriados
Dithmenos
Fedhas
Gozag
Kikubaaqudgha
Lugonu
Makhleb
Okawaru
Qazlal
Ru
Sif Muna
Trog
Uskayaw
Vehumet
Wu Jian
Xom
Yredelemnul
Zin
The Shining One
Beogh
Jiyva

Shops:
D *[%??*?*:[((!!!!

Annotations:
D Purgy


Innate Abilities, Weirdness & Mutations

Your spells do not cause hunger and MP costs are reduced by 1.
Your bright wings attract enemies. (Stealth-)
You cannot fit into any form of body armour.
Your shimmering scales are hard and can block incoming attacks. (AC +4, SH +4)
You are small and have problems with some larger weapons.
You can fly continuously.


Message History

Confirm with . or Enter, or press ? or * to list all spells.
Aiming: Magic Dart (safe; 2% risk of failure)
Press: ? - help, Shift-Dir - straight line, f/p - Purgy
Aim: Purgy (lightly wounded)
The magic dart hits Purgy.
Purgy is lightly wounded.
Purgy bites you.
* * * LOW HITPOINT WARNING * * *
Purgy claws you but does no damage. You block Purgy's attack.
You block the hell rat's attack. The rat bites you but does no damage.
Casting: Magic Dart (safe; 2% risk of failure)
Confirm with . or Enter, or press ? or * to list all spells.
Aiming: Magic Dart (safe; 2% risk of failure)
Press: ? - help, Shift-Dir - straight line, f/p - Purgy
Aim: Purgy (lightly wounded)
The magic dart hits Purgy.
Purgy is lightly wounded. 50...
Purgy bites you.
You die...

##§§⌠## #.....# ##.....##
##∩.....∩## #∩.†.....∩#
#_......._# #r......._#
#rT......_# ###@r.......###
#⌠†.........[⌠#
######.8.........8.######
##∩_._......###......___∩#
###∩........8.# #.8........∩
##.............###...........
#⌠..........###...###........
#⌠..........# #.<.# #........
#⌠..........###...###........


You could see Purgy, a hell rat, a quokka and a rat.

Vanquished Creatures
  A gnoll shaman (D)
  Jessica (D)
  A hobgoblin (D)
  A quokka (D)
  A giant cockroach zombie (D)
  2 rats (D)
7 creatures vanquished.

Notes
Turn   | Place    | Note
-------+----------+-------------------------------------------
     0 | D        | Freyura the Fairy Wizard began the quest for the Orb.
     0 | D        | Reached XP level 1. HP: 11/11 MP: 7/7
     1 | D        | Found a sacrificial altar of Ru.
     1 | D        | Found a deep blue altar of Sif Muna.
     2 | D        | Found a burning altar of Makhleb.
     2 | D        | Found a snail-covered altar of Cheibriados.
     3 | D        | Found an ornate altar of the Wu Jian Council.
     3 | D        | Found a shadowy altar of Dithmenos.
     4 | D        | Found a stormy altar of Qazlal.
     4 | D        | Found a blossoming altar of Fedhas.
     4 | D        | Found Elyrch's Staff Store.
     4 | D        | Found Lymawkam's Magic Scroll Shop.
     5 | D        | Found Wuijogg's Distillery.
     5 | D        | Found Zynetiug's Must-Have Magic.
     5 | D        | Found Nyh Hov's Magic Scroll Shop.
     5 | D        | Round 1.
     6 | D        | Noticed Jessica
    13 | D        | Killed Jessica
    13 | D        | Reached skill level 7 in Spellcasting
    13 | D        | Reached XP level 2. HP: 17/17 MP: 7/12
    13 | D        | Reached XP level 3. HP: 21/21 MP: 8/14
    16 | D        | Became a worshipper of Sif Muna the Loreminder
    41 | D        | Found a basalt altar of Yredelemnul.
    48 | D        | Found Etaqun's Distillery.
    48 | D        | Found Ypaitu's Bottled Wisdom.
    55 | D        | Found Nofeb's Do-It-Yourself Clinic.
    55 | D        | Found a corrupted altar of Lugonu.
    55 | D        | Found an iron altar of Okawaru.
    64 | D        | Found a glowing golden altar of the Shining One.
    68 | D        | Found an ancient bone altar of Kikubaaqudgha.
    68 | D        | Found an opulent altar of Gozag.
    68 | D        | Found Onyd's Weapon Rack.
    68 | D        | Found Vurec's Basic Armour.
    69 | D        | Found Usur's Miscellaneous Merchandise.
    74 | D        | Found Ygucos's Premium Goods.
    74 | D        | Found a radiant altar of Vehumet.
    74 | D        | Found a roughly hewn altar of Beogh.
    74 | D        | Found a hide-covered altar of Uskayaw.
   102 | D        | Reached * piety under Sif Muna
   102 | D        | Identified Porel's Grimoire of Burning Companions (Sif Muna
                  | gifted it to you in the Dungeon)
   102 | D        | Received a gift from Sif Muna
   102 | D        | Reached skill level 9 in Spellcasting
   105 | D        | Found a glowing silver altar of Zin.
   108 | D        | Found a viscous altar of Jiyva.
   108 | D        | Found a bloodstained altar of Trog.
   108 | D        | Found Urithrod's Identification Station.
   108 | D        | Found Sim Wolueng's Advanced Armour.
   109 | D        | Arena points: 12 (+12) [x2]
   109 | D        | Reached XP level 4. HP: 27/27 MP: 17/17
   111 | D        | Found Ijogobb's Jewellery.
   116 | D        | Found Foyd's Delicious Food.
   116 | D        | Found a shimmering altar of Xom.
   129 | D        | Round 2.
   130 | D        | Noticed Purgy
   143 | D        | Slain by Purgy

Skill      XL: |  1  2  3 |
---------------+----------+-----
Dodging        | 3 |  3.8
Spellcasting   | 7 9 |  9.3
Conjurations   | 2 |  2.2
Stealth        | |  1.5
Summonings     | |  1.1
Translocations | |  1.0

Action                   |  1- 3 |  4- 6 || total
-------------------------+-------+-------++-------
 Cast: Magic Dart        |    27 |    13 ||    40
  Use: Potion            |     1 |       ||     1
Armor: Skin              |     1 |     5 ||     6
Dodge: Dodged            |     6 |     9 ||    15
Block: Other             |     1 |     4 ||     5
